 Dungeon Crawl Stone Soup version 0.26-a0-712-ga5a9c9c9d0 (webtiles) character file.

Game seed: 5305191246069872145

44 kae the Ruffian (level 3, 0/31 HPs)
             Began as a Naga Transmuter on Nov 3, 2020.
             Slain by a gnoll
             ... wielding a +0 halberd
              (16 damage)
             ... on level 2 of the Dungeon.
             The game lasted 00:01:47 (1711 turns).

kae the Ruffian (Naga Transmuter)                   Turns: 1711, Time: 00:01:47

Health: 0/31       AC:  2    Str: 13    XL:     3   Next: 60%
Magic:  0/6        EV: 10    Int: 13    God:
Gold:   38         SH:  0    Dex: 11    Spells: 2/6 levels left

rFire    . . .     SeeInvis +     - Unarmed
rCold    . . .     Faith    .   (no shield)
rNeg     . . .     Spirit   .   a - +0 robe
rPois    +         Reflect  .   (no helmet)
rElec    .         Harm     .   (no cloak)
rCorr    .         Rampage  .   (no gloves)
MR       .....                  (no barding)
Stlth    +.........             (no amulet)
HPRegen  0.10/turn              (no ring)
MPRegen  0.10/turn              (no ring)

@: lethally poisoned (0 -> -2), very slightly contaminated, very slow
A: large, see invisible, deformed body, poison resistance, slowness 2, spit
poison 1, AC +1
a: Spit Poison


You were on level 2 of the Dungeon.
You visited 1 branch of the dungeon, and saw 2 of its levels.

You collected 38 gold pieces.

Inventory:

Armour
 a - a +0 robe (worn)
Jewellery
 e - an uncursed amulet of guardian spirit {unknown}
Scrolls
 c - 2 scrolls of magic mapping


   Skills:
 - Level 1.0 Fighting
 - Level 1.5 Dodging
 + Level 3.5 Unarmed Combat
 - Level 2.0 Spellcasting
 * Level 3.3 Transmutations


You had 2 spell levels left.
You knew the following spells:

 Your Spells              Type           Power        Failure   Level
a - Beastly Appendage     Tmut           ##....       6%          1
b - Spider Form           Tmut/Pois      #.........   36%         3

Your spell library contained the following spells:

 Spells                   Type           Power        Failure   Level
 Wereblood                Tmut           ##......     10%         2
 Ice Form                 Ice/Tmut       #.......     77%         4
 Blade Hands              Tmut           ##........   87%         5


Dungeon Overview and Level Annotations

Branches:
Dungeon (2/15)

Altars:


Innate Abilities, Weirdness & Mutations

You cannot wear boots.
Your serpentine skin is tough. (AC +1)
You have supernaturally acute eyesight. (SInv)
Armour fits poorly on your strangely shaped body.
Your system is resistant to poisons. (rPois)
You cover ground very slowly.
You can spit poison.


Message History

The gnoll hits you from afar with a +0 halberd!
You hear a shout!
You aren't carrying any potions.
Unknown command.
As you read the scroll labeled AHOVECWI QAUK, it crumbles to dust.
The creatures around you are filled with an inner flame!
It was a scroll of immolation.
You hear a shout! x3
The gnoll misses you.
As you read the scroll labeled XITESH KACS, it crumbles to dust.
It is a scroll of enchant weapon.
You aren't carrying any weapons that can be enchanted.
The gnoll barely misses you.
As you read the scroll labeled YDEFED JIQUEZY, it crumbles to dust.
You hear a loud clanging noise!
It was a scroll of noise.
You feel sick.
You hear a shout! x2; You hear a bark!
You hear a shout! x3
The gnoll hits you from afar with a +0 halberd!
Ouch! That really hurt!
You die...

. .##.. ...... . ##...
#. ###.g# #. #.##!...#
#.. .##....##g# #.#
........@..# #.#
.........[.## ###.###
.....##.....# #.....#
.......##.##.###.....#
..............).....#
.........##..##.....#
##.......##..###.####
#...#........#.#
#...#..........#


You could see a gnoll (inner flame).

Vanquished Creatures
  A dart slug (D:1)
  5 bats (D:1)
  5 hobgoblins
  6 jackals
  A frilled lizard (D:2)
  12 goblins
  3 kobolds (D:1)
  3 rats
36 creatures vanquished.

Notes
Turn   | Place    | Note
-------+----------+-------------------------------------------
     0 | D:1      | kae the Naga Transmuter began the quest for the Orb.
     0 | D:1      | Reached XP level 1. HP: 18/18 MP: 3/3
   547 | D:1      | Reached XP level 2. HP: 23/25 MP: 3/5
  1173 | D:1      | Reached XP level 3. HP: 28/31 MP: 4/6
  1667 | D:2      | Learned a level 3 spell: Spider Form
  1711 | D:2      | Slain by a gnoll

Illustrated notes

Levels and vault maps discovered:
D:1:      kennysheep_arrival_forest, layout_basic
D:2:      layout_rooms, uniq_robin

Skill      XL: |  1  2 |
---------------+-------+-----
Transmutations | 3 |  3.3
Fighting       | |  1.0
Dodging        | |  1.5
Unarmed Combat | |  3.5
Spellcasting   | |  2.0

Action                   || total
-------------------------++-------
Melee: Unarmed           ||    68
       Headbutt          ||     8
       Punch             ||     1
 Cast: Beastly Appendage ||    16
 Abil: Spit Poison       ||    29
  Use: Scroll            ||     5
       Potion            ||     1
Armor: Robe              ||     9
Dodge: Dodged            ||    56

Table legend: (Time is in decaauts)
 A = Elapsed time spent in this place.
 B = Non-inter-level travel time spent in this place.
 C = Inter-level travel time spent in this place.
 D = Time resting spent in this place.
 E = Time spent auto-exploring this place.
 F = Levels seen in this place.
 G = Mean time per level.
                   A        B        C        D        E       F      G
               +--------+--------+--------+--------+--------+-----+--------+
         Total |   1962 |   1931 |     31 |      0 |   1712 |   2 |  981.0 |
       Dungeon |   1962 |   1931 |     31 |      0 |   1712 |   2 |  981.0 |
               +--------+--------+--------+--------+--------+-----+--------+

Top non-repeatable levels by time:
     D:1: 1658 daAuts
     D:2: 304 daAuts
